| TOP OF THE 1ST |
|
Toronto Blue Jays batting - Pitching for Texas Rangers : RHP Kevin Ovens-Toots
|
|
Pitching: RHP Kevin Ovens-Toots
|
|
|
Batting: RHB Danny Burnside
|
0-0: Ball 1-0: Ball 2-0: Ball 3-0: Called Strike 3-1: Swinging Strike 3-2: Foul Ball, location: 2F 3-2: Strikes out looking
|
|
Batting: RHB C.J. Richerson
|
0-0: SINGLE (Line Drive, 56D, EV 105.6 MPH)
|
|
Batting: RHB Efrain Vargas
|
0-0: Called Strike C.J. Richerson steals 2nd, throwing error, E2 C.J. Richerson to third 0-1: Ball 1-1: Swinging Strike 1-2: Ball 2-2: Strikes out swinging
|
|
Batting: SHB Dominik Hasek II
|
0-0: Ground out 5-3 (Groundball, 56S, EV 86.2 MPH)
|
| Top of the 1st over - 0 runs, 1 hit, 1 error, 1 left on base; Toronto 0 - Texas 0 |
| BOTTOM OF THE 1ST |
|
Texas Rangers batting - Pitching for Toronto Blue Jays : RHP Javy Falcon
|
|
Pitching: RHP Javy Falcon
|
|
|
Batting: LHB Sean Geisler
|
0-0: Ball 1-0: Ball 2-0: Called Strike 2-1: Foul Ball, location: 2F 2-2: Ball 3-2: SINGLE (Groundball, 4S, EV 75.6 MPH) (infield hit)
|
|
Batting: RHB Marc Peckermark
|
0-0: Sac Bunt to 23 - play at first, batter OUT! 3-4 Sean Geisler to second
|
|
Batting: RHB Zhao-ji Chi
|
0-0: Ball 1-0: Ball 2-0: Foul Ball, location: 2F 2-1: Foul Ball, location: 2F 2-2: Strikes out swinging
|
|
Batting: SHB Rich Chavez
|
0-0: Foul Ball, location: 2F 0-1: Foul Ball, location: 2F 0-2: Ground out 3-1 (Groundball, 13, EV 85.0 MPH)
|
| Bottom of the 1st over - 0 runs, 1 hit, 0 errors, 1 left on base; Toronto 0 - Texas 0 |
| TOP OF THE 2ND |
|
Toronto Blue Jays batting - Pitching for Texas Rangers : RHP Kevin Ovens-Toots
|
|
Batting: RHB Butch Kaiser
|
0-0: Called Strike 0-1: Called Strike 0-2: Strikes out looking
|
|
Batting: RHB Steve Jordan
|
0-0: Fly out, F6 (Popup, 4M, EV 75.0 MPH)
|
|
Batting: RHB Brock Van Gilder
|
0-0: Ground out 6-3 (Groundball, 6, EV 100.6 MPH)
|
| Top of the 2nd over - 0 runs, 0 hits, 0 errors, 0 left on base; Toronto 0 - Texas 0 |
| BOTTOM OF THE 2ND |
|
Texas Rangers batting - Pitching for Toronto Blue Jays : RHP Javy Falcon
|
|
Batting: RHB Blake Ballard
|
0-0: Ball 1-0: Ball 2-0: Ball 3-0: Called Strike 3-1: Base on Balls
|
|
Batting: RHB Imbart Faber
|
0-0: Ball 1-0: Foul Ball, location: 2F 1-1: Ball 2-1: Ball 3-1: Called Strike 3-2: Grounds into double play, 4-6-3 (Groundball, 34, EV 86.2 MPH)
|
|
Batting: SHB Tony Prado
|
0-0: Swinging Strike 0-1: Foul Ball, location: 2F 0-2: Ball 1-2: Ball 2-2: Foul Ball, location: 2F 2-2: Ball 3-2: Foul Ball, location: 2F 3-2: Strikes out looking
|
| Bottom of the 2nd over - 0 runs, 0 hits, 0 errors, 0 left on base; Toronto 0 - Texas 0 |
| TOP OF THE 3RD |
|
Toronto Blue Jays batting - Pitching for Texas Rangers : RHP Kevin Ovens-Toots
|
|
Batting: RHB Mike Harkins
|
0-0: Ball 1-0: Foul Ball, location: 2F 1-1: Foul Ball, location: 2F 1-2: Ball 2-2: Ball 3-2: Ground out 5-3 (Groundball, 5L, EV 85.0 MPH)
|
|
Batting: SHB Spencer Jones
|
0-0: Ground out 4-3 (Groundball, 4M, EV 107.5 MPH)
|
|
Batting: RHB Danny Burnside
|
0-0: Foul Ball, location: 2F 0-1: Swinging Strike 0-2: SINGLE (Line Drive, 6MD, EV 99.4 MPH)
|
|
Batting: RHB C.J. Richerson
|
0-0: Ball 1-0: Called Strike 1-1: Ball 2-1: Swinging Strike 2-2: Strikes out swinging
|
| Top of the 3rd over - 0 runs, 1 hit, 0 errors, 1 left on base; Toronto 0 - Texas 0 |
| BOTTOM OF THE 3RD |
|
Texas Rangers batting - Pitching for Toronto Blue Jays : RHP Javy Falcon
|
|
Batting: RHB John Peterson
|
0-0: Ball 1-0: Fly out, F9 (Line Drive, 9, EV 89.4 MPH)
|
|
Batting: SHB Vince Ealy
|
0-0: Ball 1-0: Foul Ball, location: 2F 1-1: Ball 2-1: Ball 3-1: Swinging Strike 3-2: Foul Ball, location: 2F 3-2: Fly out, F7 (Flyball, 7D, EV 76.9 MPH)
|
|
Batting: LHB Sean Geisler
|
0-0: Ground out U3 (Groundball, 3, EV 83.8 MPH)
|
| Bottom of the 3rd over - 0 runs, 0 hits, 0 errors, 0 left on base; Toronto 0 - Texas 0 |
| TOP OF THE 4TH |
|
Toronto Blue Jays batting - Pitching for Texas Rangers : RHP Kevin Ovens-Toots
|
|
Batting: RHB Efrain Vargas
|
0-0: Foul Ball, location: 2F 0-1: Ball 1-1: SINGLE (Groundball, 6MD, EV 95.6 MPH)
|
|
Batting: SHB Dominik Hasek II
|
0-0: Called Strike 0-1: Called Strike 0-2: Fly out, F9 (Flyball, 9D, EV 86.9 MPH)
|
|
Batting: RHB Butch Kaiser
|
0-0: Foul Ball, location: 2F 0-1: Fly out, F8 (Line Drive, 8RD, EV 90.0 MPH)
|
|
Batting: RHB Steve Jordan
|
0-0: Ball 1-0: Ball 2-0: Swinging Strike 2-1: Called Strike 2-2: Ball 3-2: Foul Ball, location: 2F 3-2: Foul Ball, location: 2F 3-2: Foul Ball, location: 2F 3-2: Foul Ball, location: 2F 3-2: DOUBLE (Line Drive, 7LM, EV 103.1 MPH) Efrain Vargas to third Efrain Vargas scores
|
|
Batting: RHB Brock Van Gilder
|
0-0: Ball 1-0: Foul Ball, location: 2F 1-1: Foul Ball, location: 2F 1-2: Ball 2-2: Strikes out swinging
|
| Top of the 4th over - 1 run, 2 hits, 0 errors, 1 left on base; Toronto 1 - Texas 0 |
| BOTTOM OF THE 4TH |
|
Texas Rangers batting - Pitching for Toronto Blue Jays : RHP Javy Falcon
|
|
Batting: RHB Marc Peckermark
|
0-0: Ball 1-0: Called Strike 1-1: SINGLE (Groundball, 4D, EV 102.5 MPH)
|
|
Batting: RHB Zhao-ji Chi
|
0-0: Ball Marc Peckermark is caught stealing 2nd base 2-4 1-0: Ground out U3 (Groundball, 3S, EV 88.8 MPH)
|
|
Batting: SHB Rich Chavez
|
0-0: Called Strike 0-1: Ball 1-1: Foul Ball, location: 2F 1-2: SINGLE (Line Drive, 56D, EV 104.4 MPH)
|
|
Batting: RHB Blake Ballard
|
0-0: SINGLE (Groundball, 6MD, EV 96.2 MPH) Rich Chavez to second Runner from 2nd tries for 3rd, SAFE, no throw by CF
|
|
Batting: RHB Imbart Faber
|
0-0: Ball 1-0: Ball 2-0: Foul Ball, location: 2F 2-1: Foul Ball, location: 2F 2-2: Ball 3-2: Fly out, F4 (Line Drive, 4, EV 71.9 MPH)
|
| Bottom of the 4th over - 0 runs, 3 hits, 0 errors, 2 left on base; Toronto 1 - Texas 0 |
| TOP OF THE 5TH |
|
Toronto Blue Jays batting - Pitching for Texas Rangers : RHP Kevin Ovens-Toots
|
|
Batting: RHB Mike Harkins
|
0-0: Ball 1-0: Ball 2-0: Called Strike 2-1: Foul Ball, location: 2F 2-2: Ball 3-2: Foul Ball, location: 2F 3-2: Foul Ball, location: 2F 3-2: Fly out, F7 (Flyball, 7, EV 85.0 MPH)
|
|
Batting: SHB Spencer Jones
|
0-0: Ball 1-0: Ground out 4-3 (Groundball, 4, EV 101.9 MPH)
|
|
Batting: RHB Danny Burnside
|
0-0: Foul Ball, location: 2F 0-1: Ball 1-1: Ball 2-1: Foul Ball, location: 2F 2-2: Ground out 4-3 (Groundball, 4, EV 76.2 MPH)
|
| Top of the 5th over - 0 runs, 0 hits, 0 errors, 0 left on base; Toronto 1 - Texas 0 |
| BOTTOM OF THE 5TH |
|
Texas Rangers batting - Pitching for Toronto Blue Jays : RHP Javy Falcon
|
|
Batting: SHB Tony Prado
|
0-0: Called Strike 0-1: Ball 1-1: Foul Ball, location: 2F 1-2: Ground out 4-3 (Groundball, 4, EV 86.9 MPH)
|
|
Batting: RHB John Peterson
|
0-0: Called Strike 0-1: TRIPLE (Line Drive, 78XD, EV 109.4 MPH)
|
|
Batting: SHB Vince Ealy
|
0-0: Ball 1-0: Ball 2-0: SINGLE (Line Drive, 5D, EV 93.8 MPH) John Peterson scores
|
|
Batting: LHB Sean Geisler
|
0-0: Foul Ball, location: 2F 0-1: Fly out, F8 (Line Drive, 8RM, EV 104.4 MPH)
|
|
Batting: RHB Marc Peckermark
|
0-0: Called Strike 0-1: Called Strike 0-2: Ball 1-2: Strikes out swinging
|
| Bottom of the 5th over - 1 run, 2 hits, 0 errors, 1 left on base; Toronto 1 - Texas 1 |
| TOP OF THE 6TH |
|
Toronto Blue Jays batting - Pitching for Texas Rangers : RHP Kevin Ovens-Toots
|
|
Batting: RHB C.J. Richerson
|
0-0: Fly out, F9 (Line Drive, 9S, EV 108.8 MPH)
|
|
Batting: RHB Efrain Vargas
|
0-0: Fly out, F8 (Flyball, 8LXD, EV 95.0 MPH)
|
|
Batting: SHB Dominik Hasek II
|
0-0: Ball 1-0: Foul Ball, location: 2F 1-1: Ball 2-1: Swinging Strike 2-2: Foul Ball, location: 2F 2-2: SINGLE (Groundball, 4M, EV 109.4 MPH) (infield hit)
|
|
Batting: RHB Butch Kaiser
|
0-0: Ball 1-0: Ball 2-0: Ball 3-0: Called Strike 3-1: Base on Balls Dominik Hasek II to second
|
|
Batting: RHB Steve Jordan
|
0-0: Fly out, F4 (Line Drive, 34D, EV 73.8 MPH)
|
| Top of the 6th over - 0 runs, 1 hit, 0 errors, 2 left on base; Toronto 1 - Texas 1 |
| BOTTOM OF THE 6TH |
|
Texas Rangers batting - Pitching for Toronto Blue Jays : RHP Javy Falcon
|
|
Batting: RHB Zhao-ji Chi
|
0-0: Hit by Pitch
|
|
Pinch Runner at 1st Jake Rheaume:
|
|
|
Batting: SHB Rich Chavez
|
0-0: Swinging Strike 0-1: Foul Ball, location: 2F 0-2: Strikes out swinging
|
|
Batting: RHB Blake Ballard
|
0-0: Ball 1-0: Ball 2-0: Called Strike 2-1: Foul Ball, location: 2F 2-2: Ground out 5-3 (Groundball, 56S, EV 73.8 MPH) Jake Rheaume to second
|
|
Batting: RHB Imbart Faber
|
0-0: Called Strike 0-1: Ball 1-1: Called Strike 1-2: Foul Ball, location: 2F 1-2: Ball 2-2: Ground out U3 (Groundball, 3, EV 77.5 MPH)
|
| Bottom of the 6th over - 0 runs, 0 hits, 0 errors, 1 left on base; Toronto 1 - Texas 1 |
| TOP OF THE 7TH |
|
Toronto Blue Jays batting - Pitching for Texas Rangers : RHP Kevin Ovens-Toots
|
|
Now in LF: Jake Rheaume
|
|
|
Batting: RHB Brock Van Gilder
|
0-0: Foul Ball, location: 2F 0-1: Ball 1-1: Swinging Strike 1-2: Ball 2-2: Ball 3-2: Foul Ball, location: 2F 3-2: Base on Balls
|
|
Pitching: RHP Kyle Curve
|
|
|
Batting: RHB Mike Harkins
|
0-0: Foul Ball, location: 2F 0-1: Ball 1-1: SINGLE (Line Drive, 4D, EV 110.6 MPH) Brock Van Gilder to second
|
|
Batting: SHB Spencer Jones
|
0-0: Ball 1-0: Ball 2-0: Ball 3-0: Called Strike 3-1: Foul Ball, location: 2F 3-2: Foul Ball, location: 2F 3-2: Foul Ball, location: 2F 3-2: Strikes out swinging
|
|
Batting: RHB Danny Burnside
|
0-0: Called Strike 0-1: Foul Ball, location: 2F 0-2: Foul Ball, location: 2F 0-2: Ball 1-2: Fly out, F8 (Line Drive, 8LD, EV 91.9 MPH)
|
|
Batting: RHB C.J. Richerson
|
0-0: Ball Wild Pitch! Brock Van Gilder to third Mike Harkins to second 1-0: Ball 2-0: DOUBLE (Flyball, 8RXD, EV 109.4 MPH) Brock Van Gilder scores Mike Harkins scores
|
|
Batting: RHB Efrain Vargas
|
0-0: Ball 1-0: Ground out 3-1 (Groundball, 34, EV 101.9 MPH)
|
| Top of the 7th over - 2 runs, 2 hits, 0 errors, 1 left on base; Toronto 3 - Texas 1 |
| BOTTOM OF THE 7TH |
|
Texas Rangers batting - Pitching for Toronto Blue Jays : RHP Javy Falcon
|
|
Batting: SHB Tony Prado
|
0-0: Foul Ball, location: 2F 0-1: Called Strike 0-2: Foul Ball, location: 2F 0-2: Ball 1-2: Strikes out looking
|
|
Batting: RHB John Peterson
|
0-0: Ball 1-0: Called Strike 1-1: Fly out, F9 (Line Drive, 9LS, EV 110.0 MPH)
|
|
Batting: SHB Vince Ealy
|
0-0: Ball 1-0: Foul Ball, location: 2F 1-1: Ball 2-1: Fly out, F6 (Line Drive, 6D, EV 61.2 MPH)
|
| Bottom of the 7th over - 0 runs, 0 hits, 0 errors, 0 left on base; Toronto 3 - Texas 1 |
| TOP OF THE 8TH |
|
Toronto Blue Jays batting - Pitching for Texas Rangers : RHP Kyle Curve
|
|
Pitching: LHP Ragnar Danielsson
|
|
|
Batting: SHB Dominik Hasek II
|
0-0: Foul Ball, location: 2F 0-1: Swinging Strike 0-2: Strikes out swinging
|
|
Batting: RHB Butch Kaiser
|
0-0: Called Strike 0-1: Ball 1-1: Foul Ball, location: 2F 1-2: Foul Ball, location: 2F 1-2: Foul Ball, location: 2F 1-2: Ball 2-2: Strikes out swinging
|
|
Batting: RHB Steve Jordan
|
0-0: Ball 1-0: Called Strike 1-1: Foul Ball, location: 2F 1-2: Ground out 6-3 (Groundball, 6, EV 90.6 MPH)
|
| Top of the 8th over - 0 runs, 0 hits, 0 errors, 0 left on base; Toronto 3 - Texas 1 |
| BOTTOM OF THE 8TH |
|
Texas Rangers batting - Pitching for Toronto Blue Jays : RHP Javy Falcon
|
|
Batting: LHB Sean Geisler
|
0-0: Ball 1-0: Ball 2-0: Ball 3-0: Called Strike 3-1: Base on Balls
|
|
Batting: RHB Marc Peckermark
|
0-0: Called Strike 0-1: Ball 1-1: Ball 2-1: Foul Ball, location: 2F 2-2: Grounds into double play, 4-6-3 (Groundball, 4D, EV 95.0 MPH)
|
|
Batting: LHB Jake Rheaume
|
0-0: Ball 1-0: Called Strike 1-1: SINGLE (Line Drive, 3D, EV 96.9 MPH)
|
|
Batting: SHB Rich Chavez
|
0-0: Ball 1-0: Ball 2-0: Ball 3-0: Base on Balls Jake Rheaume to second
|
|
Pitching: LHP Tim Franco
|
|
|
Batting: RHB Blake Ballard
|
0-0: DOUBLE (Line Drive, 8LXD, EV 102.5 MPH) Jake Rheaume scores Rich Chavez to third Runner from 3rd tries for Home, SAFE, no throw by CF
|
|
Batting: RHB Imbart Faber
|
0-0: Called Strike 0-1: Swinging Strike 0-2: Foul Ball, location: 2F 0-2: Ground out 6-3 (Groundball, 56, EV 80.6 MPH)
|
| Bottom of the 8th over - 2 runs, 2 hits, 0 errors, 1 left on base; Toronto 3 - Texas 3 |
| TOP OF THE 9TH |
|
Toronto Blue Jays batting - Pitching for Texas Rangers : LHP Ragnar Danielsson
|
|
Batting: RHB Brock Van Gilder
|
0-0: Ball 1-0: Ball 2-0: Foul Ball, location: 2F 2-1: Foul Ball, location: 2F 2-2: DOUBLE (Flyball, 8LXD, EV 92.5 MPH)
|
|
Batting: RHB Mike Harkins
|
0-0: Intentional Walk
|
|
Batting: SHB Spencer Jones
|
0-0: Bunted foul 0-1: Sac Bunt to P - play at first, batter OUT! 1-4 Brock Van Gilder to third Mike Harkins to second
|
|
Batting: RHB Danny Burnside
|
0-0: Foul Ball, location: 2F 0-1: Ball 1-1: Ball 2-1: Ball 3-1: Base on Balls
|
|
Batting: RHB C.J. Richerson
|
0-0: Ball 1-0: Ball 2-0: SINGLE (Line Drive, 4D, EV 101.2 MPH) Brock Van Gilder scores Mike Harkins to third Danny Burnside to second
|
|
Batting: RHB Efrain Vargas
|
0-0: Called Strike 0-1: Foul Ball, location: 2F 0-2: Strikes out swinging
|
|
Batting: SHB Dominik Hasek II
|
0-0: Called Strike 0-1: Swinging Strike 0-2: Ball 1-2: Foul Ball, location: 2F 1-2: Foul Ball, location: 2F 1-2: Ball 2-2: Foul Ball, location: 2F 2-2: SINGLE (Flyball, 89S, EV 98.1 MPH) Mike Harkins scores Danny Burnside to third C.J. Richerson to second Runner from 3rd tries for Home, SAFE, throw by RF to home
|
|
Batting: RHB Butch Kaiser
|
0-0: Called Strike 0-1: SINGLE (Groundball, 6D, EV 96.9 MPH) C.J. Richerson to third Dominik Hasek II to second Runner from 3rd tries for Home, SAFE, throw by LF to home
|
|
Pitching: RHP Mark Lopez
|
|
|
Batting: RHB Steve Jordan
|
0-0: Fly out, F4 (Line Drive, 4M, EV 63.1 MPH)
|
| Top of the 9th over - 4 runs, 4 hits, 0 errors, 2 left on base; Toronto 7 - Texas 3 |
| BOTTOM OF THE 9TH |
|
Texas Rangers batting - Pitching for Toronto Blue Jays : LHP Tim Franco
|
|
Batting: SHB Tony Prado
|
0-0: Ball 1-0: Called Strike 1-1: Foul Ball, location: 2F 1-2: SOLO HOME RUN (Line Drive, 9LD, EV 95.0 MPH), Distance : 348 ft
|
|
Pitching: RHP Zach Ault
|
|
|
Batting: RHB John Peterson
|
0-0: Called Strike 0-1: Swinging Strike 0-2: Strikes out looking
|
|
Batting: SHB Vince Ealy
|
0-0: Ball 1-0: Ball 2-0: Ball 3-0: Called Strike 3-1: Called Strike 3-2: Base on Balls
|
|
Batting: LHB Sean Geisler
|
0-0: Called Strike 0-1: Grounds into double play, 4-6-3 (Groundball, 4, EV 75.6 MPH)
|
| Bottom of the 9th over - 1 run, 1 hit, 0 errors, 0 left on base; Toronto 7 - Texas 4 |
|